 Dungeon Crawl Stone Soup version 0.21.1-1-g345015f (webtiles) character file.

11038 tidbits the Reanimator (level 11, -2/85 HPs)
             Began as a Gnoll Necromancer on June 21, 2018.
             Was a Priest of Cheibriados.
             Slain by Gastronok (22 damage)
             ... on level 2 of the Lair of Beasts.
             The game lasted 00:29:49 (2158 turns).

tidbits the Reanimator (Gnoll Necromancer)          Turns: 2158, Time: 00:29:49

Health: -2/85      AC:  5    Str: 19    XL:     11   Next: 71%
Magic:  3/23       EV: 19    Int: 27    God:    Cheibriados [***...]
Gold:   308        SH:  4    Dex: 22    Spells: 7/26 levels left

rFire    . . .     SeeInvis +   a - +0 lajatang
rCold    + . .     Gourm    .   (shield currently unavailable)
rNeg     + . .     Faith    .   B - +0 robe {rN+}
rPois    .         Spirit   .   E - +2 hat
rElec    .         Reflect  .   (no cloak)
rCorr    .         Harm     .   (no gloves)
MR       .....     Clarity  +   (no boots)
Stlth    ++++......             (no amulet)
HPRegen  0.24/turn              C - ring of see invisible
MPRegen  0.18/turn              (no ring)

@: very slightly contaminated, slowed, very slow
A: distributed training, fangs 1, large bone plates 1, rugged brown scales 1,
clarity, cold resistance 1, strong nose
a: Bend Time, Temporal Distortion, Renounce Religion


You were on level 2 of the Lair of Beasts.
You worshipped Cheibriados.
Cheibriados was most pleased with you.
You were not hungry.

You visited 2 branches of the dungeon, and saw 13 of its levels.

You collected 308 gold pieces.

Inventory:

Hand Weapons
 a - a +0 lajatang (weapon)
 e - a +0 war axe
 g - a +1 spear of venom
   (You found it on level 5 of the Dungeon)
 h - a +1 hand axe of flaming
   (You found it on level 1 of the Dungeon)
 k - a +0 flail of holy wrath
   (You took it off an orc on level 3 of the Dungeon)
 m - a +0 dagger
 n - a +0 short sword of draining
   (You took it off an orc on level 3 of the Dungeon)
 p - a +0 dire flail
 s - a +0 arbalest
 v - a +0 morningstar
 y - a +3 hand axe of freezing
   (You took it off an orc on level 10 of the Dungeon)
Missiles
 o - 38 arrows
 q - 6 tomahawks (quivered)
Armour
 x - a +0 robe
 B - a +0 robe of positive energy (worn)
   (You took it off Erolcha on level 9 of the Dungeon)
 E - a +2 hat (worn)
Jewellery
 C - a ring of see invisible (left hand)
   (You found it on level 1 of the Lair of Beasts)
Wands
 w - a wand of polymorph (7)
Scrolls
 d - a scroll of noise
 f - 2 scrolls of amnesia
 j - a scroll of fear
 l - 2 scrolls of immolation
 r - 5 scrolls of remove curse
 t - 2 scrolls of enchant armour
 u - a scroll of blinking
Potions
 A - a potion of cancellation
Books
 b - a book of Necromancy

   Spells                             Type                      Level
   a - Pain                           Necromancy                   1
   b - Animate Skeleton               Necromancy                   1
   c - Vampiric Draining              Necromancy                   3
   d - Regeneration                   Charms/Necromancy            3
   e - Animate Dead                   Necromancy                   4
   f - Borgnjor's Vile Clutch         Necromancy/Earth             5
 z - the Volume of Weightlessness and the Voyage
   (You found it on level 10 of the Dungeon)

   Spells                             Type                      Level
   a - Blink                          Translocation                2
   b - Static Discharge               Conjuration/Air              3
   c - Dispersal                      Translocation                6
Comestibles
 c - 9 rations
 i - 6 chunks of flesh


   Skills:
 + Level 6.4 Fighting
 + Level 6.4 Short Blades
 + Level 6.4 Long Blades
 + Level 6.4 Axes
 + Level 6.4 Maces & Flails
 + Level 6.4 Polearms
 + Level 6.4 Staves
 + Level 6.4 Slings
 + Level 6.4 Bows
 + Level 6.4 Crossbows
 + Level 6.4 Throwing
 + Level 6.4 Armour
 + Level 8.0 Dodging
 + Level 7.7 Stealth
 + Level 6.4 Shields
 + Level 6.4 Unarmed Combat
 + Level 8.2 Spellcasting
 + Level 5.3 Conjurations
 + Level 5.3 Hexes
 + Level 5.3 Charms
 + Level 5.3 Summonings
 + Level 9.0 Necromancy
 + Level 5.3 Translocations
 + Level 5.3 Transmutations
 + Level 5.3 Fire Magic
 + Level 5.3 Ice Magic
 + Level 5.3 Air Magic
 + Level 5.3 Earth Magic
 + Level 5.3 Poison Magic
 + Level 7.0 Invocations
 + Level 6.4 Evocations


You had 7 spell levels left.
You knew the following spells:

 Your Spells              Type           Power        Failure   Level  Hunger
a - Pain                  Necr           ####         1%          1    None
b - Blink                 Tloc           N/A          1%          2    None
d - Vampiric Draining     Necr           ######....   1%          3    None
n - Animate Skeleton      Necr           N/A          1%          1    None
r - Regeneration          Chrm/Necr      #####.....   1%          3    None
v - Borgnjor's Vile Clut  Necr/Erth      #####.....   8%          5    ####...
N - Animate Dead          Necr           N/A          1%          4    ##.....


Dungeon Overview and Level Annotations

Branches:
Dungeon (11/15)              Lair (2/6) D:11
 Temple: D:4-7        Swamp: Lair:2-4    Shoals: Lair:2-4     Snake: Lair:2-4
 Spider: Lair:2-4       Orc: D:9-12

Altars:
Cheibriados
Dithmenos
Kikubaaqudgha
Makhleb
Sif Muna

Annotations:
Lair:2 Gastronok


Innate Abilities, Weirdness & Mutations

Your experience applies equally to all skills.
You have very sharp teeth.
Your uncanny sense of smell can sniff out nearby items.
You are partially covered in large bone plates. (SH +4)
You are partially covered in rugged brown scales. (AC +1, +3% HP)
You possess an exceptional clarity of mind.
Your flesh is cold resistant. (rC+)


Message History

Your hippogriff skeleton bites the elephant!
Your hippogriff skeleton pecks the elephant but does no damage.
Your hippogriff skeleton claws the elephant but does no damage.
The elephant tramples you.
* * * LOW HITPOINT WARNING * * *
You stumble backwards!
The elephant tramples your hippogriff skeleton!
Your hippogriff skeleton is shoved backwards!
You slash the elephant!
You kill the elephant!
Cheibriados appreciates the change of pace.
Your Dodging skill increases to level 8!
Your hippogriff skeleton bites the elephant but does no damage.
Your hippogriff skeleton pecks the elephant.
Your hippogriff skeleton claws the elephant but does no damage.
Gastronok's eyestalks quiver as he mumbles some strange words.
Gastronok puts on a burst of speed!
The elephant tramples your hippogriff skeleton.
Your hippogriff skeleton is shoved backwards!
An elephant comes into view.
Okay, then.
Okay, then.
Unknown command.
Okay, then.
Okay, then.
Unknown command.
Unknown command.
Unknown command.
Okay, then.
Unknown command.
Unknown command.
Blink to where?
Press: ? - help, Dir - move target cursor You are very lightly contaminated with residual magic.
As you read the scroll of blinking, it crumbles to dust.
Unknown command.
Okay, then.
Casting: Regeneration
Confirm with . or Enter, or press ? or * to list all spells.
Aiming: Borgnjor's Vile Clutch
Press: ? - help, Dir - move target cursor, f - Gastronok
Aim: Gastronok, wearing a glowing hat (covering ground quickly) Decaying hands burst forth from the earth!
Zombie hands grab Gastronok.
Zombie hands grab the fungus.
The zombie hands constrict the fungus!
The zombie hands constrict Gastronok!
Gastronok bites you.
* * * LOW HITPOINT WARNING * * *
Unknown command.
You slice Gastronok!! You bite Gastronok.
Gastronok is moderately wounded.
The zombie hands constrict the fungus!
The zombie hands constrict Gastronok!
Unknown command.
You hit Gastronok. You bite Gastronok.
Gastronok is moderately wounded.
The zombie hands constrict the fungus!
You destroy the fungus!
The zombie hands constrict Gastronok.
Your wolf skeleton bites Gastronok.
Gastronok bites you!
* * * LOW HITPOINT WARNING * * *
Your wolf skeleton bites Gastronok but does no damage.
Unknown command.
Okay, then.
You slash Gastronok!
Gastronok is heavily wounded.
The zombie hands constrict Gastronok!
Your wolf skeleton bites Gastronok but does no damage.
Gastronok bites your wolf skeleton!
Unknown command.
You hit Gastronok. You bite Gastronok, but do no damage.
Gastronok is heavily wounded.
The zombie hands constrict Gastronok.
The zombie hands release their grip on Gastronok.
Your wolf skeleton bites Gastronok.
The elephant tramples your hippogriff skeleton.
Your hippogriff skeleton holds its ground!
The elephant trunk-slaps your hippogriff skeleton.
Your hippogriff skeleton is destroyed!
Your wolf skeleton bites Gastronok.
Unknown command.
Okay, then.
You slash Gastronok! You bite Gastronok.
Gastronok is severely wounded.
Your wolf skeleton bites Gastronok.
Gastronok looks at you and mumbles some strange words.
You feel yourself slow down.
Unknown command.
Okay, then.
You don't have enough magic at the moment.
You hit Gastronok but do no damage.
Gastronok is severely wounded.
Your wolf skeleton bites Gastronok!
Your wolf skeleton bites Gastronok. x2
The elephant tramples your wolf skeleton!
Your wolf skeleton holds its ground!
The elephant trunk-slaps your wolf skeleton.
Your wolf skeleton is destroyed!
Unknown command.
You slash Gastronok! You bite Gastronok, but do no damage.
Gastronok is almost dead.
Gastronok bites you!!
You die...

#...Z# #####
##P†.##
##...#
###..##
#P..Y### #
#Y.Y#.## #..
#P.Y...##....
##P.wY.......
#...@.......
#.##.P.##.##.
#####


You could see Gastronok and 5 elephants.

Vanquished Creatures
  Erolcha (D:9)
  A hydra (Lair:1)
  4 two-headed ogres
  3 death yaks (D:11)
  An elephant (Lair:2)
  A black mamba (Lair:1)
  A spiny frog (Lair:1)
  2 komodo dragons (Lair:1)
  4 hippogriffs
  4 yaks (D:11)
  The ghost of Iko the Slasher, an amateur CeGl of Qazlal (D:5)
  An acid dragon (D:11)
  2 water moccasins (Lair:1)
  A porcupine (Lair:1)
  A sky beast (D:4)
  2 necrophages
  4 wolves (Lair:2)
  3 ogres
  A crocodile (Lair:2)
  3 bullfrogs
  2 crimson imps
  A bullfrog zombie (D:11)
  A jelly (D:5)
  5 orc priests
  A hound (D:6)
  6 orc wizards
  A worker ant (D:4)
  3 adders
  A shadow imp (D:5)
  3 worms (D:3)
  A dart slug (D:4)
  5 leopard geckos
  25 orcs
  2 giant cockroaches
  A goblin (D:3)
  5 hobgoblins
  12 jackals
  A ball python (D:2)
  3 frilled lizards (D:3)
  3 kobolds
  3 rats
  A fungus (Lair:2)
127 creatures vanquished.

Vanquished Creatures (collateral kills)
  A porcupine (Lair:1)
  2 wolves (Lair:2)
  A bullfrog (D:10)
  An orc wizard (D:10)
  2 orcs (D:10)
7 creatures vanquished.

Grand Total: 134 creatures vanquished

Notes
Turn   | Place    | Note
-------+----------+-------------------------------------------
     0 | D:1      | tidbits the Gnoll Necromancer began the quest for the Orb.
     0 | D:1      | Reached XP level 1. HP: 13/13 MP: 6/6
   101 | D:2      | Found a deep blue altar of Sif Muna.
   154 | D:2      | Found a burning altar of Makhleb.
   161 | D:2      | Reached XP level 2. HP: 12/19 MP: 2/7
   181 | D:2      | Learned a level 1 spell: Animate Skeleton
   291 | D:2      | Reached XP level 3. HP: 18/25 MP: 5/9
   294 | D:2      | Reached skill level 5 in Spellcasting
   365 | D:3      | Reached skill level 1 in Invocations
   370 | D:3      | Learned a level 3 spell: Regeneration
   375 | D:3      | Learned a level 3 spell: Vampiric Draining
   453 | D:3      | Gained mutation: Your body sometimes deteriorates upon taking damage. [potion of mutation]
   453 | D:3      | Gained mutation: You are partially covered in large bone plates. (SH +4) [potion of mutation]
   462 | D:3      | Reached skill level 1 in Fighting
   462 | D:3      | Reached skill level 1 in Short Blades
   462 | D:3      | Reached skill level 1 in Long Blades
   462 | D:3      | Reached skill level 1 in Axes
   462 | D:3      | Reached skill level 1 in Maces & Flails
   462 | D:3      | Reached skill level 1 in Polearms
   462 | D:3      | Reached skill level 1 in Staves
   462 | D:3      | Reached skill level 1 in Slings
   462 | D:3      | Reached skill level 1 in Bows
   462 | D:3      | Reached skill level 1 in Crossbows
   462 | D:3      | Reached skill level 1 in Throwing
   462 | D:3      | Reached skill level 1 in Armour
   462 | D:3      | Reached skill level 1 in Shields
   462 | D:3      | Reached skill level 1 in Unarmed Combat
   462 | D:3      | Reached skill level 1 in Evocations
   495 | D:3      | Reached XP level 4. HP: 31/32 MP: 8/11
   570 | D:3      | Reached skill level 1 in Conjurations
   570 | D:3      | Reached skill level 1 in Hexes
   570 | D:3      | Reached skill level 1 in Charms
   570 | D:3      | Reached skill level 1 in Summonings
   570 | D:3      | Reached skill level 1 in Translocations
   570 | D:3      | Reached skill level 1 in Transmutations
   570 | D:3      | Reached skill level 1 in Fire Magic
   570 | D:3      | Reached skill level 1 in Ice Magic
   570 | D:3      | Reached skill level 1 in Air Magic
   570 | D:3      | Reached skill level 1 in Earth Magic
   570 | D:3      | Reached skill level 1 in Poison Magic
   597 | D:4      | Reached XP level 5. HP: 28/37 MP: 3/12
   607 | D:4      | Noticed a sky beast
   616 | D:4      | Killed a sky beast
   623 | D:4      | Found a shadowy altar of Dithmenos.
   669 | D:3      | Reached XP level 6. HP: 28/44 MP: 1/13
   676 | D:3      | Learned a level 5 spell: Borgnjor's Vile Clutch
   751 | D:5      | Entered Level 5 of the Dungeon
   790 | D:5      | Reached skill level 2 in Invocations
   811 | D:5      | Noticed Iko's ghost (amateur CeGl)
   822 | D:5      | Killed Iko's ghost
   822 | D:5      | Reached skill level 2 in Fighting
   822 | D:5      | Reached skill level 2 in Short Blades
   822 | D:5      | Reached skill level 2 in Long Blades
   822 | D:5      | Reached skill level 2 in Axes
   822 | D:5      | Reached skill level 2 in Maces & Flails
   822 | D:5      | Reached skill level 2 in Polearms
   822 | D:5      | Reached skill level 2 in Staves
   822 | D:5      | Reached skill level 2 in Slings
   822 | D:5      | Reached skill level 2 in Bows
   822 | D:5      | Reached skill level 2 in Crossbows
   822 | D:5      | Reached skill level 2 in Throwing
   822 | D:5      | Reached skill level 2 in Armour
   822 | D:5      | Reached skill level 5 in Dodging
   822 | D:5      | Reached skill level 2 in Shields
   822 | D:5      | Reached skill level 2 in Unarmed Combat
   822 | D:5      | Reached skill level 2 in Evocations
   901 | D:4      | Reached XP level 7. HP: 23/50 MP: 6/15
   906 | D:4      | Found a snail-covered altar of Cheibriados.
   915 | D:4      | Became a worshipper of Cheibriados the Contemplative
  1001 | D:4      | Found an ancient bone altar of Kikubaaqudgha.
  1123 | D:5      | Reached skill level 2 in Conjurations
  1123 | D:5      | Reached skill level 2 in Hexes
  1123 | D:5      | Reached skill level 2 in Charms
  1123 | D:5      | Reached skill level 2 in Summonings
  1123 | D:5      | Reached skill level 2 in Translocations
  1123 | D:5      | Reached skill level 2 in Transmutations
  1123 | D:5      | Reached skill level 2 in Fire Magic
  1123 | D:5      | Reached skill level 2 in Ice Magic
  1123 | D:5      | Reached skill level 2 in Air Magic
  1123 | D:5      | Reached skill level 2 in Earth Magic
  1123 | D:5      | Reached skill level 2 in Poison Magic
  1152 | D:6      | Lost mutation: Your body sometimes deteriorates upon taking damage. [potion of mutation]
  1152 | D:6      | Lost mutation: You are partially covered in large bone plates. (SH +4) [potion of mutation]
  1152 | D:6      | Gained mutation: You are partially covered in large bone plates. (SH +4) [potion of mutation]
  1152 | D:6      | Gained mutation: You are partially covered in rugged brown scales. (AC +1, +3% HP) [potion of mutation]
  1152 | D:6      | Gained mutation: Your flesh is cold resistant. (rC+) [potion of mutation]
  1152 | D:6      | Gained mutation: You possess an exceptional clarity of mind. [potion of mutation]
  1204 | D:6      | Reached skill level 5 in Stealth
  1204 | D:6      | Reached skill level 3 in Invocations
  1260 | D:6      | Reached XP level 8. HP: 41/58 MP: 0/16
  1265 | D:6      | Reached * piety under Cheibriados
  1412 | D:9      | Reached skill level 3 in Fighting
  1412 | D:9      | Reached skill level 3 in Short Blades
  1412 | D:9      | Reached skill level 3 in Long Blades
  1412 | D:9      | Reached skill level 3 in Axes
  1412 | D:9      | Reached skill level 3 in Maces & Flails
  1412 | D:9      | Reached skill level 3 in Polearms
  1412 | D:9      | Reached skill level 3 in Staves
  1412 | D:9      | Reached skill level 3 in Slings
  1412 | D:9      | Reached skill level 3 in Bows
  1412 | D:9      | Reached skill level 3 in Crossbows
  1412 | D:9      | Reached skill level 3 in Throwing
  1412 | D:9      | Reached skill level 3 in Armour
  1412 | D:9      | Reached skill level 3 in Shields
  1412 | D:9      | Reached skill level 3 in Unarmed Combat
  1412 | D:9      | Reached skill level 3 in Evocations
  1428 | D:9      | Noticed a two-headed ogre
  1435 | D:9      | Noticed Erolcha
  1451 | D:9      | Killed Erolcha
  1451 | D:9      | Reached skill level 6 in Dodging
  1451 | D:9      | Reached skill level 6 in Spellcasting
  1451 | D:9      | Reached skill level 3 in Conjurations
  1451 | D:9      | Reached skill level 3 in Hexes
  1451 | D:9      | Reached skill level 3 in Charms
  1451 | D:9      | Reached skill level 3 in Summonings
  1451 | D:9      | Reached skill level 3 in Translocations
  1451 | D:9      | Reached skill level 3 in Transmutations
  1451 | D:9      | Reached skill level 3 in Fire Magic
  1451 | D:9      | Reached skill level 3 in Ice Magic
  1451 | D:9      | Reached skill level 3 in Air Magic
  1451 | D:9      | Reached skill level 3 in Earth Magic
  1451 | D:9      | Reached skill level 3 in Poison Magic
  1451 | D:9      | Reached skill level 4 in Invocations
  1451 | D:9      | Reached XP level 9. HP: 63/65 MP: 11/18
  1457 | D:9      | Killed a two-headed ogre
  1457 | D:9      | Reached skill level 4 in Fighting
  1457 | D:9      | Reached skill level 4 in Short Blades
  1457 | D:9      | Reached skill level 4 in Long Blades
  1457 | D:9      | Reached skill level 4 in Axes
  1457 | D:9      | Reached skill level 4 in Maces & Flails
  1457 | D:9      | Reached skill level 4 in Polearms
  1457 | D:9      | Reached skill level 4 in Staves
  1457 | D:9      | Reached skill level 4 in Slings
  1457 | D:9      | Reached skill level 4 in Bows
  1457 | D:9      | Reached skill level 4 in Crossbows
  1457 | D:9      | Reached skill level 4 in Throwing
  1457 | D:9      | Reached skill level 4 in Armour
  1457 | D:9      | Reached skill level 6 in Stealth
  1457 | D:9      | Reached skill level 4 in Shields
  1457 | D:9      | Reached skill level 4 in Unarmed Combat
  1457 | D:9      | Reached skill level 8 in Necromancy
  1457 | D:9      | Reached skill level 4 in Evocations
  1486 | D:10     | Entered Level 10 of the Dungeon
  1486 | D:10     | Noticed a two-headed ogre
  1498 | D:10     | Killed a two-headed ogre
  1498 | D:10     | Reached skill level 5 in Invocations
  1563 | D:10     | Reached ** piety under Cheibriados
  1571 | D:10     | Identified the Volume of Weightlessness and the Voyage
  1576 | D:10     | Learned a level 2 spell: Blink
  1617 | D:11     | Reached XP level 10. HP: 65/74 MP: 20/20
  1647 | D:11     | Reached skill level 7 in Spellcasting
  1686 | D:11     | Reached skill level 4 in Conjurations
  1686 | D:11     | Reached skill level 4 in Hexes
  1686 | D:11     | Reached skill level 4 in Charms
  1686 | D:11     | Reached skill level 4 in Summonings
  1686 | D:11     | Reached skill level 4 in Translocations
  1686 | D:11     | Reached skill level 4 in Transmutations
  1686 | D:11     | Reached skill level 4 in Fire Magic
  1686 | D:11     | Reached skill level 4 in Ice Magic
  1686 | D:11     | Reached skill level 4 in Air Magic
  1686 | D:11     | Reached skill level 4 in Earth Magic
  1686 | D:11     | Reached skill level 4 in Poison Magic
  1748 | D:11     | Noticed a death yak
  1749 | D:11     | Noticed a death yak
  1751 | D:11     | Noticed a two-headed ogre
  1752 | D:11     | Noticed a death yak
  1754 | D:11     | Noticed a two-headed ogre
  1756 | D:11     | Killed a death yak
  1756 | D:11     | Reached skill level 5 in Fighting
  1756 | D:11     | Reached skill level 5 in Short Blades
  1756 | D:11     | Reached skill level 5 in Long Blades
  1756 | D:11     | Reached skill level 5 in Axes
  1756 | D:11     | Reached skill level 5 in Maces & Flails
  1756 | D:11     | Reached skill level 5 in Polearms
  1756 | D:11     | Reached skill level 5 in Staves
  1756 | D:11     | Reached skill level 5 in Slings
  1756 | D:11     | Reached skill level 5 in Bows
  1756 | D:11     | Reached skill level 5 in Crossbows
  1756 | D:11     | Reached skill level 5 in Throwing
  1756 | D:11     | Reached skill level 5 in Armour
  1756 | D:11     | Reached skill level 5 in Shields
  1756 | D:11     | Reached skill level 5 in Unarmed Combat
  1756 | D:11     | Reached skill level 5 in Evocations
  1756 | D:11     | Killed a two-headed ogre
  1756 | D:11     | Reached skill level 7 in Dodging
  1758 | D:11     | Killed a death yak
  1758 | D:11     | Reached skill level 6 in Invocations
  1760 | D:11     | Reached skill level 7 in Stealth
  1763 | D:11     | Killed a two-headed ogre
  1764 | D:11     | Reached XP level 11. HP: 21/82 MP: 4/22
  1766 | D:11     | Killed a death yak
  1771 | D:11     | Found a staircase to the Lair.
  1781 | D:11     | Learned a level 4 spell: Animate Dead
  1808 | Lair:1   | Entered Level 1 of the Lair of Beasts
  1876 | Lair:1   | Reached skill level 6 in Fighting
  1876 | Lair:1   | Reached skill level 6 in Short Blades
  1876 | Lair:1   | Reached skill level 6 in Long Blades
  1876 | Lair:1   | Reached skill level 6 in Axes
  1876 | Lair:1   | Reached skill level 6 in Maces & Flails
  1876 | Lair:1   | Reached skill level 6 in Polearms
  1876 | Lair:1   | Reached skill level 6 in Staves
  1876 | Lair:1   | Reached skill level 6 in Slings
  1876 | Lair:1   | Reached skill level 6 in Bows
  1876 | Lair:1   | Reached skill level 6 in Crossbows
  1876 | Lair:1   | Reached skill level 6 in Throwing
  1876 | Lair:1   | Reached skill level 6 in Armour
  1876 | Lair:1   | Reached skill level 6 in Shields
  1876 | Lair:1   | Reached skill level 6 in Unarmed Combat
  1876 | Lair:1   | Reached skill level 6 in Evocations
  2000 | Lair:1   | Reached skill level 5 in Conjurations
  2000 | Lair:1   | Reached skill level 5 in Hexes
  2000 | Lair:1   | Reached skill level 5 in Charms
  2000 | Lair:1   | Reached skill level 5 in Summonings
  2000 | Lair:1   | Reached skill level 5 in Translocations
  2000 | Lair:1   | Reached skill level 5 in Transmutations
  2000 | Lair:1   | Reached skill level 5 in Fire Magic
  2000 | Lair:1   | Reached skill level 5 in Ice Magic
  2000 | Lair:1   | Reached skill level 5 in Air Magic
  2000 | Lair:1   | Reached skill level 5 in Earth Magic
  2000 | Lair:1   | Reached skill level 5 in Poison Magic
  2033 | Lair:1   | Noticed a six-headed hydra
  2035 | Lair:1   | Reached skill level 8 in Spellcasting
  2040 | Lair:1   | Killed a six-headed hydra
  2040 | Lair:1   | Reached *** piety under Cheibriados
  2100 | Lair:2   | Reached skill level 9 in Necromancy
  2100 | Lair:2   | Reached skill level 7 in Invocations
  2146 | Lair:2   | Noticed Gastronok
  2149 | Lair:2   | Reached skill level 8 in Dodging
  2158 | Lair:2   | Slain by Gastronok

Skill      XL: |  1  2  3  4  5  6  7  8  9 10 11 |
---------------+----------------------------------+-----
Spellcasting   | 5 6 7 8 |  8.2
Invocations    | 1 2 3 4 5 6 7 |  7.0
Fighting       | 1 2 3 4 5 6 |  6.4
Short Blades   | 1 2 3 4 5 6 |  6.4
Long Blades    | 1 2 3 4 5 6 |  6.4
Axes           | 1 2 3 4 5 6 |  6.4
Maces & Flails | 1 2 3 4 5 6 |  6.4
Polearms       | 1 2 3 4 5 6 |  6.4
Staves         | 1 2 3 4 5 6 |  6.4
Slings         | 1 2 3 4 5 6 |  6.4
Bows           | 1 2 3 4 5 6 |  6.4
Crossbows      | 1 2 3 4 5 6 |  6.4
Throwing       | 1 2 3 4 5 6 |  6.4
Armour         | 1 2 3 4 5 6 |  6.4
Shields        | 1 2 3 4 5 6 |  6.4
Unarmed Combat | 1 2 3 4 5 6 |  6.4
Evocations     | 1 2 3 4 5 6 |  6.4
Conjurations   | 1 2 3 4 5 |  5.3
Hexes          | 1 2 3 4 5 |  5.3
Charms         | 1 2 3 4 5 |  5.3
Summonings     | 1 2 3 4 5 |  5.3
Translocations | 1 2 3 4 5 |  5.3
Transmutations | 1 2 3 4 5 |  5.3
Fire Magic     | 1 2 3 4 5 |  5.3
Ice Magic      | 1 2 3 4 5 |  5.3
Air Magic      | 1 2 3 4 5 |  5.3
Earth Magic    | 1 2 3 4 5 |  5.3
Poison Magic   | 1 2 3 4 5 |  5.3
Dodging        | 5 6 7 8 |  8.0
Stealth        | 5 6 7 |  7.7
Necromancy     | 8 9 |  9.0

Action                   |  1- 3 |  4- 6 |  7- 9 | 10-12 || total
-------------------------+-------+-------+-------+-------++-------
Melee: Hand axe          |     5 |       |       |       ||     5
       Bite              |     1 |     3 |    10 |    22 ||    36
       Short sword       |       |    16 |     3 |       ||    19
       Flail             |       |     8 |    60 |       ||    68
       Dagger            |       |     3 |     4 |     1 ||     8
       Dire flail        |       |       |    16 |       ||    16
       Lajatang          |       |       |       |    72 ||    72
       War axe           |       |       |       |    11 ||    11
       Punch             |       |       |       |     1 ||     1
Throw: Tomahawk          |       |       |     5 |     9 ||    14
 Cast: Pain              |    38 |    39 |    41 |     1 ||   119
       Regeneration      |     1 |     2 |     8 |    10 ||    21
       Vampiric Draining |       |       |     5 |       ||     5
       Borgnjor's Vile C |       |       |     1 |    12 ||    13
       Animate Skeleton  |       |       |     1 |     7 ||     8
Evoke: Wand              |       |     5 |    11 |     2 ||    18
  Use: Potion            |     2 |     1 |     4 |     2 ||     9
       Scroll            |       |     7 |     3 |     5 ||    15
 Stab: Sleeping          |       |     1 |       |     3 ||     4
       Paralysed         |       |     3 |     6 |       ||     9
       Distracted        |       |       |       |     1 ||     1
  Eat: Chunk             |       |       |     3 |     4 ||     7
Armor: Robe              |       |     3 |    13 |    13 ||    29
Dodge: Dodged            |     9 |    20 |    68 |   115 ||   212
Block: Other             |       |     4 |    17 |    13 ||    34

Table legend:
 A = Turns spent in this place as a percentage of turns spent in the entire game.
 B = Non-inter-level travel turns spent in this place as a percentage of non-inter-level travel turns spent in the entire game.
 C = Inter-level travel turns spent in this place as a percentage of turns spent in this place.
 D = Turns resting spent in this place as a percentage of non-inter-level travel turns spent in this place.
 E = Turns spent auto-exploring this place as a percentage of non-inter-level travel turns spent in this place.
 F = Non-inter-level travel turns spent in this place divided by the number of levels of this place that you've seen.
                   A       B       C       D       E      F
               +-------+-------+-------+-------+-------+----------------------
         Total | 100.0 | 100.0 |   0.5 |   0.0 |   0.0 | 165.2
       Dungeon |  83.8 |  83.7 |   0.6 |   0.0 |   0.0 | 163.4
          Lair |  16.2 |  16.3 |   0.0 |   0.0 |   0.0 | 175.0
               +-------+-------+-------+-------+-------+----------------------

Table legend:
 A = Kills in this place as a percentage of kills in entire the game.
 B = Kills by you in this place as a percentage of kills by you in the entire game.
 C = Kills by friends in this place as a percentage of kills by friends in the entire game.
 D = Other kills in this place as a percentage of other kills in the entire game.
 E = Experience gained in this place as a percentage of experience gained in the entire game.
 F = Experience gained in this place divided by the number of levels of this place that you have seen.
                   A       B       C       D       E      F
               +-------+-------+-------+-------+-------+----------------------
         Total | 100.0 | 100.0 | 100.0 |   N/A | 100.0 | 1213.0
       Dungeon |  85.0 |  86.5 |  57.1 |   N/A |  68.8 | 986.5
          Lair |  15.0 |  13.5 |  42.9 |   N/A |  31.2 | 2458.5
               +-------+-------+-------+-------+-------+----------------------

Vault maps used:
D:1:      lightli_arrival_farm
D:2:      nicolae_qazlal_eye_of_the_storm, lemuel_crystal_altar,
          nicolae_overflow_crystal_walls
D:4:      kennysheep_little_box, lemuel_coloured_pillars_altar,
          nicolae_overflow_hidden_temple, minmay_temple_entry_mist, first_ration
D:6:      kennysheep_mini_moat, xom_teletrap_fun, uniq_grinder
D:7:      gammafunk_temple_overflow_elements,
          lemuel_mausoleum_altar_yredelemnul,
          nicolae_gozag_cash_rules_everything_around_me
D:8:      lemuel_crystal_altar, uniq_joseph, uniq_grum
D:9:      grunt_pizzeria, serial_bayou_lagoon_a, serial_bayou_pond_a,
          uniq_erolcha
D:10:     minmay_orc_keep
D:11:     dpeg_lair_monsters, lab_entry_generic, portal_ice_cave_entry_pillars_2
Lair:1:   st_stairs_4, beast_lair_carwin_2
Lair:2:   minmay_shoals_entry_centaurs, serial_bayou_shore_b,
          infiniplex_staircase_pool, uniq_gastronok
